[Event "*** Titled Tuesday Blitz"]
[Site "Chess.com"]
[Date "2018.05.01"]
[Round "1"]
[White "Zenzo"]
[Black "Korchmar_Vasiliy"]
[Result "0-1"]
[WhiteElo "2372"]
[BlackElo "2711"]
[TimeControl "180+2"]
[EndTime "13:08:28 PDT"]
[Termination "Korchmar_Vasiliy won by resignation"]

1. e4 c5 2. Nf3 d6 3. d4 cxd4 4. Nxd4 Nf6 5. Nc3 Nc6 6. Bg5 e6 7. Qd2 a6 8. f4 h6 9. Nxc6 bxc6 10. Bxf6 Qxf6 11. O-O-O Qd8 12. Bc4 Be7 13. Kb1 O-O 14. g4 d5 15. Bb3 a5 16. h4 Bb4 17. a3 Bxc3 18. Qxc3 a4 19. Ba2 Qb6 20. g5 h5 21.
f5 Rb8 22. f6 g6 23. exd5 cxd5 24. Rd4 Bd7 25. Rb4 Qd6 26. Rd1 Rfc8 27. Qd4 Qc7 28. c3 Rxb4 29. axb4 a3 30. c4 axb2 31. Kxb2 Ba4 32. Rd2 dxc4 33. Qc3 Qb6 34. Rd4 Bb5 35.
Bxc4 e5 36. Re4 Qf2+ 37. Kb3 Ra8 38. Re2 Bxc4+ 39. Qxc4 Qa7 40. Rxe5 Qa2+ 41. Kc3 Qa1+ 42. Kd3 Qxe5 0-1

[Event "*** Titled Tuesday Blitz"]
[Site "Chess.com"]
[Date "2018.05.01"]
[Round "1"]
[White "tteshan"]
[Black "popov_m"]
[Result "1-0"]
[WhiteElo "1975"]
[BlackElo "2401"]
[TimeControl "180+2"]
[EndTime "13:08:35 PDT"]
[Termination "tteshan won by resignation"]

1. d4 Nf6 2. c4 g6 3. Nc3 Bg7 4. e4 d6 5. Be2 O-O 6. Bg5 c5 7. d5 e6 8. Qd2 exd5 9. exd5 Qb6 10.
h4 Bf5 11. h5 Ne4 12. Nxe4 Bxe4 13. hxg6 fxg6 14. f3 Qxb2 15. Qxb2 Bxb2 16. Rd1 Bc2 17. Be7 Re8 18. Bxd6 Bxd1 19. Kxd1 Nd7 20. Bd3 Re3 21. Kc2 Bg7 22. Nh3 Ne5 23. Bxe5 Bxe5 24. Ng5 b5 25.
Ne4 Rb8 26. Rb1 Kf8 27. cxb5 c4 28. Bxc4 Rc8 29. Rb4 Re2+ 30. Kd3 Rxg2 31. d6 Bxd6 32. Nxd6 Rd8 33. Ke3 Rxd6 34. a4 h5 35. a5 h4 36.
Bf1 Rc2 37. b6 axb6 38. axb6 Rc8 39. Bh3 Rb8 40. b7 Ke7 41. Rxh4 Rb6 42. Rh7+ Kf6 43.
Bc8 Rb3+ 44. Ke4 Rb4+ 45. Kd5 Rb3 46. Rh8 Rxf3 47. Rf8+ Ke7 48. Rxf3 1-0

[Event "*** Titled Tuesday Blitz"]
[Site "Chess.com"]
[Date "2018.05.01"]
[Round "1"]
[White "grzechu96"]
[Black "AndrewMcStone"]
[Result "1-0"]
[WhiteElo "2471"]
[BlackElo "2070"]
[TimeControl "180+2"]
[EndTime "13:08:37 PDT"]
[Termination "grzechu96 won on time"]

1. e4 Nc6 2. Nf3 d6 3. h3 Nf6 4. Nc3 g6 5. d4 Bg7 6. Be3 O-O 7.
Qd2 e5 8. d5 Nb8 9. g4 c6 10.
g5 Nh5 11. O-O-O cxd5 12. Qxd5 Nc6 13. Qxd6 Be6 14. Qxd8 Rfxd8 15. Nd5 Bxd5 16. Rxd5 Rxd5 17. exd5 Nb4 18. Bc4 Rc8 19. Nd2 b5 20. Bb3 Nf4 21. Kb1 Nfxd5 22. Bxa7 Nf4 23. Be3 Nc6 24. c3 b4 25. cxb4 Nxb4 26. Rc1 Rxc1+ 27. Kxc1 Nbd3+ 28. Kb1 Nxh3 29. Ne4 Ndf4 30. a4 Ne6 31. a5 Nc7 32. Bb6 Na8 33. Bd8 Nf4 34. Ba4 Ne6 35. Bc6 Nxd8 36.
Bxa8 f5 37. gxf6 Bf8 38. Bd5+ Kh8 39. a6 1-0

[Event "*** Titled Tuesday Blitz"]
[Site "Chess.com"]
[Date "2018.05.01"]
[Round "1"]
[White "ChessMavenYeti"]
[Black "RodinMihail"]
[Result "1-0"]
[WhiteElo "2003"]
[BlackElo "2423"]
[TimeControl "180+2"]
[EndTime "13:08:37 PDT"]
[Termination "ChessMavenYeti won by resignation"]

1. d4 d5 2. c4 e6 3. Nf3 Nf6 4. g3 c6 5. Bg2 Nbd7 6. O-O Bd6 7.
Qc2 O-O 8. b3 e5 9. dxe5 Nxe5 10.
Bb2 Qe7 11. Nbd2 Bg4 12. Rfe1 Rfe8 13. Nd4 dxc4 14. bxc4 Rad8 15. h3 Bc8 16. N2b3 Bb4 17. Red1 Ng6 18. c5 Qc7 19. a3 Ba5 20. Nxa5 Qxa5 21.
Nf5 Bxf5 22. Qxf5 Rxe2 23. Bxf6 gxf6 24. Qxf6 Rdd2 25. Rxd2 Qxd2 26. Bf1 Re6 27. Qf5 Qd4 28. Rc1 Kg7 29. Qd3 Qb2 30. Qc3+ Qxc3 31. Rxc3 Re1 32. Kg2 Rb1 33. Bc4 Ne5 34. Bb3 Rb2 35. Kf1 Rd2 36. f4 Nd3 37. h4 Kf6 38. g4 Nxf4 39. Rf3 Rd4 40. g5+ Kg6 41. Kf2 f6 42. Ke3 Rd3+ 43. Kxf4 fxg5+ 44. hxg5 Rxf3+ 45. Kxf3 Kxg5 46. Be6 Kf6 47. Bc8 b6 48. Bb7 a6 49. Bxa6 bxc5 50. Ke4 Ke6 51.
Bc4+ Kd6 52. a4 Kc7 53. a5 Kd6 54. a6 Kc7 55. Kf5 Kb6 56. Kg5 Ka5 57. Kh6 Kb4 58.
a7 Kxc4 59. a8=Q Kd3 60. Qxc6 c4 61. Qd5+ Kc3 62. Kxh7 Kb4 63. Qb7+ Ka3 64. Qa6+ Kb4 65. Qb6+ Ka4 66. Qc5 Kb3 67. Qb5+ Kc3 68. Kg6 Kd4 69. Qb6+ Kd3 70. Qb5 Kd4 71. Qb4 Kd3 72. Qd6+ Ke4 73.
Qe6+ Kd4 74. Kf5 c3 75. Qe4+ Kc5 76. Qc2 Kd4 77. Kf4 1-0

[Event "*** Titled Tuesday Blitz"]
[Site "Chess.com"]
[Date "2018.05.01"]
[Round "1"]
[White "Perecke"]
[Black "Gogolev_Artemy"]
[Result "0-1"]
[WhiteElo "1950"]
[BlackElo "2432"]
[TimeControl "180+2"]
[EndTime "13:08:37 PDT"]
[Termination "Gogolev_Artemy won by resignation"]

1. e4 c5 2. Nf3 Nf6 3. e5 Nd5 4. d4 cxd4 5. Nxd4 Nc6 6. c4 Nc7 7. Nc3 Nxe5 8. Be2 g6 9. f4 Nc6 10. O-O Bg7 11. Be3 O-O 12. Nxc6 dxc6 13. Qc2 Bf5 14.
Qb3 Qc8 15. Rad1 h5 16. Bf3 Na6 17. Ne4 Bxe4 18. Bxe4 e6 19. Bd4 Qc7 20. Bxg7 Kxg7 21. Qc3+ Kh7 22. Qh3 Kg8 23. Kh1 Rad8 24. Qf3 Rxd1 25.
Rxd1 Rd8 26. g3 Nc5 27. Bc2 Rxd1+ 28. Qxd1 Qd7 29. Qe2 Qd4 30. b4 Nd7 31. a3 Nb6 32. c5 Nd5 33. Bxg6 fxg6 34. Qxe6+ Kh7 35. b5 Qf6 36. Qd7+ Qe7 37. bxc6 bxc6 38. Qxc6 Qe1+ 39. Kg2 Qe4+ 40. Kh3 Kh6 41. Qc8 Qf5+ 42. Qxf5 gxf5 43. Kh4 a5 44. h3 a4 45. g4 hxg4 46. hxg4 Kg6 47. g5 Nxf4 48. Kg3 Kxg5 0-1

[Event "*** Titled Tuesday Blitz"]
[Site "Chess.com"]
[Date "2018.05.01"]
[Round "1"]
[White "dretch"]
[Black "Mikhail_Golubev"]
[Result "1-0"]
[WhiteElo "2693"]
[BlackElo "2363"]
[TimeControl "180+2"]
[EndTime "13:08:38 PDT"]
[Termination "dretch won on time"]

1. d4 Nf6 2. c4 g6 3. Nc3 Bg7 4. e4 d6 5. Nf3 O-O 6. h3 Qe8 7. Bd3 e5 8. O-O Nh5 9. Re1 exd4 10. Nb5 Na6 11. Nbxd4 c6 12. Bg5 h6 13. Bd2 Nc5 14. Bc2 Qd8 15. Qc1 Kh7 16. b3 Ne6 17. Nf5 Bxa1 18. Qxa1 gxf5 19. exf5 Nef4 20. Re7 Kg8 21. f6 Ng6 22. Bxh6 Nxe7 23. fxe7 Qxe7 24. Ng5 f5 25. Bxf8 Qxf8 26. Qd4 Bd7 27. Qh4 Qh6 28. g4 Re8 29. gxh5 Re7 30. Bd3 f4 31. Qxf4 Rg7 32.
h4 Qxh5 33. Kh2 Qe8 34. Be4 Qf8 35. Qg3 Qf6 36. Bg2 Kh8 37. f4 Bf5 38. Qf3 1-0

[Event "*** Titled Tuesday Blitz"]
[Site "Chess.com"]
[Date "2018.05.01"]
[Round "1"]
[White "Vamostodorecto"]
[Black "mishanick"]
[Result "0-1"]
[WhiteElo "2378"]
[BlackElo "2735"]
[TimeControl "180+2"]
[EndTime "13:08:48 PDT"]
[Termination "mishanick won by checkmate"]

1. d4 Nf6 2. c4 e6 3. Nc3 Bb4 4. e3 O-O 5. Bd3 d5 6. Nf3 c5 7. a3 Bxc3+ 8. bxc3 Nc6 9. O-O Qc7 10. cxd5 exd5 11. a4 Bg4 12. h3 Bxf3 13. Qxf3 Rfe8 14. Ba3 c4 15. Bc2 Ne4 16. Bxe4 Rxe4 17. Rab1 Rae8 18. Rb5 Qd7 19. Rfb1 b6 20. Qh5 f5 21. Bc1 g6 22.
Qf3 Na5 23. Qg3 Nb3 24. Ba3 R4e6 25. Rb2 a6 26. Rb4 Qc6 27. h4 b5 28. axb5 axb5 29.
h5 Ra8 30. R4xb3 cxb3 31. Rxb3 Qc4 32. Rb1 Rxa3 33. Qb8+ Kg7 34. Rxb5 Re7 35. h6+ Kf7 36. Rc5 Ra1+ 37. Kh2 Qa6 38. Qh8 Qd6+ 39. g3 Ke6 40. Qg8+ Kf6 41. Qh8+ Kg5 42. Qf8 Qe6 43. Kh3 f4+ 44.
Kg2 Qe4+ 45. f3 Qc2+ 46. Kh3 Rh1# 0-1

[Event "*** Titled Tuesday Blitz"]
[Site "Chess.com"]
[Date "2018.05.01"]
[Round "1"]
[White "ilmago"]
[Black "FMJoseHerrera"]
[Result "1-0"]
[WhiteElo "1929"]
[BlackElo "2403"]
[TimeControl "180+2"]
[EndTime "13:08:49 PDT"]
[Termination "ilmago won on time"]

1. e4 c5 2. Nf3 e6 3. d4 cxd4 4.
Nxd4 a6 5. c4 Qc7 6. Be3 b6 7.
Bd3 Bb7 8. O-O Nf6 9. Nc3 d6 10.
Rc1 Nbd7 11. f3 Be7 12. Qd2 Rc8 13. b3 Qb8 14. Rfd1 h5 15. Bg5 h4 16. h3 Ne5 17.
Bb1 Qa8 18. Qf2 Ng6 19. Nde2 Rh5 20. Bxf6 gxf6 21. Qxb6 d5 22. Kh1 dxc4 23. bxc4 Rxc4 24. Qb3 Rc8 25. Na4 Rxc1 26. Rxc1 Bc6 27. Nd4 Bxa4 28. Qxa4+ Kf8 29. Bd3 Kg7 30. Rc7 Qd8 31. Rd7 Qb6 32. Qxa6 Qb2 33. Qc4 Qa1+ 34. Kh2 Rc5 35. Nxe6+ fxe6 36. Qxc5 Qe5+ 37. Qxe5 fxe5 38. a4 Kf6 39. a5 Bc5 40.
Rc7 Bd6 41. Rd7 Bc5 42. a6 Nf4 43. Bc4 Nh5 44. a7 Ng3 45. a8=Q Nf1+ 46. Bxf1 1-0

[Event "*** Titled Tuesday Blitz"]
[Site "Chess.com"]
[Date "2018.05.01"]
[Round "1"]
[White "VerdeNotte"]
[Black "Alopekos"]
[Result "0-1"]
[WhiteElo "2611"]
[BlackElo "2322"]
[TimeControl "180+2"]
[EndTime "13:08:50 PDT"]
[Termination "Alopekos won by resignation"]

1. e4 e5 2. Nf3 Nc6 3. d4 exd4 4. Nxd4 Nf6 5. Nxc6 bxc6 6. e5 Qe7 7. Qe2 Nd5 8.
c4 Nb6 9. Nc3 Ba6 10. Qe4 Qb4 11.
a3 Qb3 12. c5 Bxf1 13. cxb6 Ba6 14. bxc7 Rc8 15. Qa4 Qb6 16. Be3 Qxb2 17. Qxa6 Qxc3+ 18. Ke2 Qc2+ 19. Kf3 Qf5+ 20. Ke2 Qc2+ 21. Kf1 Rxc7 22. Bxa7 Rxa7 23. Qxa7 Bc5 24. Qxc5 Qxc5 25. h4 Qc3 26.
Re1 Qxa3 27. Rh3 Qa6+ 28. Kg1 O-O 29. Rd1 Qb5 30. Re3 c5 31. Rd5 Qc6 32. Rd6 Qc7 33. g3 c4 34. Rc3 Rc8 35. Kh2 Qa5 36. Re3 Qb5 37. Re1 c3 38. Rc1 c2 39. e6 fxe6 40.
Re1 c1=Q 41. Rxc1 Rxc1 42. Rd2 Qb7 43. Kh3 Qf3 0-1

[Event "*** Titled Tuesday Blitz"]
[Site "Chess.com"]
[Date "2018.05.01"]
[Round "1"]
[White "savinspm"]
[Black "djano"]
[Result "0-1"]
[WhiteElo "1975"]
[BlackElo "2438"]
[TimeControl "180+2"]
[EndTime "13:08:50 PDT"]
[Termination "djano won by checkmate"]

1. e4 c5 2. Nc3 a6 3. a4 g6 4. g3 Bg7 5. Bg2 Nc6 6. d3 Nf6 7. Be3 d6 8. h3 O-O 9. Qd2 Nd4 10.
Nge2 Nd7 11. Nd1 Nxe2 12. Qxe2 Rb8 13. O-O b5 14. axb5 axb5 15. Rb1 b4 16. b3 Bb7 17. f4 Ra8 18. f5 Ne5 19. Bf4 Ra2 20. Ne3 Ba6 21. g4 Bxd3 22. Qd2 Bxf1 23. Rxf1 e6 24. g5 Re8 25. f6 Bf8 26. Rd1 Qb6 27. Bxe5 dxe5 28.
Nc4 Qa7 29. Bf1 Ra1 30. Kg2 Rxd1 31. Qxd1 Qc7 32. Bd3 Rd8 33. Qe2 Rd4 34. h4 h5 35.
Kg3 Qa7 36. Kg2 Qa1 37. Qf1 Qc3 38. Qe2 Rd8 39. Kh2 Ra8 40. Kg2 Ra1 41. Kh2 Re1 42. Qf2 Qa1 43. Qg2 Rd1 44. Qe2 Qc1 45. Kg2 Re1 46.
Qf2 Rh1 47. Kg3 Rg1+ 48. Kh2 Rg4 49. Kh3 Qh1+ 50. Qh2 Qf3+ 51. Qg3 Qxg3# 0-1

[Event "*** Titled Tuesday Blitz"]
[Site "Chess.com"]
[Date "2018.05.01"]
[Round "1"]
[White "Babbelbox"]
[Black "Alexander_Moskalenko"]
[Result "0-1"]
[WhiteElo "2381"]
[BlackElo "2745"]
[TimeControl "180+2"]
[EndTime "13:08:56 PDT"]
[Termination "Alexander_Moskalenko won by resignation"]

1. d4 Nf6 2. c4 e6 3. Nc3 Bb4 4. Qc2 d5 5. cxd5 Qxd5 6. Nf3 Qf5 7. Qxf5 exf5 8. a3 Be7 9. Bg5 c6 10. e3 Be6 11. Bd3 a5 12. h3 Nbd7 13. Ke2 g6 14.
Nd2 Nb6 15. Bf4 Nfd5 16. Be5 f6 17. Bh2 Kf7 18. Rhc1 Rhe8 19. Nxd5 Bxd5 20. Kf1 a4 21. Bc7 Nd7 22. Bc4 Rec8 23. Bxd5+ cxd5 24. Bh2 Ke6 25. Ke2 Nb6 26. Kd3 Rc6 27. Rxc6+ bxc6 28. Rc1 Kd7 29.
Nb1 Nc4 30. Rc2 h5 31. Nd2 Nb6 32. f3 h4 33. Nb1 Ra7 34. Nc3 g5 35. e4 fxe4+ 36.
fxe4 dxe4+ 37. Kxe4 Ra5 38. Bg1 f5+ 39. Kd3 Nd5 40.
Nxd5 cxd5 41. Be3 Rb5 42. Bd2 Rb3+ 43. Bc3 Bd6 44. Rf2 Ke6 45. Re2+ Kf7 46. Re1 Bf4 47.
Re2 Bd6 48. Rf2 Kf6 49. Re2 Rb8 50. Re1 f4 51. Re2 Kf5 52. Re1 Kf6 53. Re2 Rg8 54. Rf2 g4 55. hxg4 Rxg4 56. Bd2 Kf5 57. Bc1 Rg3+ 58.
Ke2 Ke4 59. Bd2 Rxg2 60. Rxg2 f3+ 61. Kf2 fxg2 62. Kxg2 Kxd4 63. Kh3 Be7 64. Kg4 Kd3 0-1

[Event "*** Titled Tuesday Blitz"]
[Site "Chess.com"]
[Date "2018.05.01"]
[Round "1"]
[White "kasparik_garik"]
[Black "AndrewDGreen"]
[Result "1-0"]
[WhiteElo "2503"]
[BlackElo "2151"]
[TimeControl "180+2"]
[EndTime "13:08:58 PDT"]
[Termination "kasparik_garik won by resignation"]

1. e4 Nf6 2. Nc3 d5 3. d3 dxe4 4.
Nxe4 Nxe4 5. dxe4 Qxd1+ 6. Kxd1 e5 7. Nf3 f6 8. c3 Bc5 9. Ke1 Be6 10. Nd2 a5 11. a4 Nd7 12. Bc4 Ke7 13. Ke2 Nb6 14. Bxe6 Kxe6 15. f3 Rhd8 16. Nb3 Be7 17. Be3 Nc4 18. Bc1 Rd7 19. Rd1 Rad8 20. Rxd7 Rxd7 21. Nd2 Nxd2 22. Bxd2 Bc5 23. b4 Bb6 24. Rb1 axb4 25. Rxb4 h5 26. Rb5 Kd6 27. Rd5+ Kc6 28. c4 Bd4 29. Kd3 g5 30. Bb4 g4 31. fxg4 hxg4 32.
Rxd7 Kxd7 33. h4 gxh3 34. gxh3 Ke6 35. Bc3 Bf2 36. Ke2 Bh4 37. Kf3 f5 38. Ba5 c6 39.
Bb6 Be1 40. Bc7 Bh4 41. Bb6 Bg5 42. Be3 Bh4 43. Bd2 Kf6 44. Bc3 Ke6 45. Bb2 Bg5 46. Kg3 fxe4 47. Kg4 Bd2 48. h4 e3 49. Kf3 Kf5 50. Ba3 e4+ 51. Ke2 Kg4 52. Be7 Bc1 53. Bg5 Bb2 54. Kxe3 Bc1+ 55. Kxe4 Bxg5 56. hxg5 Kxg5 57.
Ke5 Kg6 58. c5 Kf7 59. Kd6 Ke8 60. Kc7 Ke7 61. a5 Ke6 62. Kxb7 Kd7 63. Kb6 Kc8 64. Kxc6 Kb8 65. Kb6 Ka8 66. c6 Kb8 67. c7+ Kc8 68. a6 1-0

[Event "*** Titled Tuesday Blitz"]
[Site "Chess.com"]
[Date "2018.05.01"]
[Round "1"]
[White "Artur0208"]
[Black "lolo9292"]
[Result "1/2-1/2"]
[WhiteElo "2390"]
[BlackElo "1783"]
[TimeControl "180+2"]
[EndTime "13:09:03 PDT"]
[Termination "Game drawn - insufficient material"]

1. d4 Nf6 2. Nf3 e6 3. g3 b5 4. Bg2 Bb7 5. O-O c5 6. a4 a6 7. axb5 axb5 8. Rxa8 Bxa8 9. c3 Be7 10. Na3 cxd4 11. Nxb5 dxc3 12. Nd6+ Kf8 13. bxc3 Nd5 14. Nb5 Bc6 15. c4 Nb6 16. Ne5 Bxg2 17. Kxg2 f6 18. Nf3 Nxc4 19. Qa4 Nb6 20. Qa7 Nc6 21. Qb7 Kf7 22.
Be3 Nd5 23. Nbd4 Nxe3+ 24. fxe3 Qc8 25. Qxc8 Rxc8 26. Nxc6 Rxc6 27. Ne5+ Ke8 28. Nxc6 dxc6 29. Kf3 c5 30. Ke4 Kf7 31. Kd3 Bd6 32. e4 h5 33. Kc4 g5 34. Rf3 g4 35. Ra3 h4 36.
Kb5 h3 37. Kc6 Be7 38. Ra7 f5 39. e5 f4 40. gxf4 c4 41. Ra1 Bh4 42. Rg1 g3 43. hxg3 h2 44. Rh1 Bxg3 45. e3 c3 46.
Kc5 Bf2 47. Kc4 Bxe3 48. Kxc3 Bxf4 49. Kd4 Kg6 50. Ke4 Kg5 51. Kf3 Bxe5 52. Kg2 Bf4 53. Re1 e5 54. Kf3 Kf5 55. Ke2 e4 56. Kf2 Kg4 57.
Kg2 e3 58. Ra1 Bg3 59. Ra4+ Kf5 60. Ra8 e2 61. Ra1 e1=R 62. Rxe1 Bxe1 63. Kxh2 1/2-1/2

[Event "*** Titled Tuesday Blitz"]
[Site "Chess.com"]
[Date "2018.05.01"]
[Round "1"]
[White "SmoothAsAHedgehog"]
[Black "guillembaches"]
[Result "1-0"]
[WhiteElo "2544"]
[BlackElo "2233"]
[TimeControl "180+2"]
[EndTime "13:09:11 PDT"]
[Termination "SmoothAsAHedgehog won by checkmate"]

1. d4 Nf6 2. c4 e6 3. Nc3 Bb4 4. Qc2 O-O 5. a3 Bxc3+ 6. Qxc3 b6 7. Bg5 Bb7 8. f3 h6 9. Bh4 d6 10. e3 Nbd7 11. Bd3 Rc8 12. Ne2 c5 13. O-O d5 14.
cxd5 exd5 15. Rac1 Re8 16. Bf2 Nf8 17. Qd2 Ne6 18.
Bb5 Bc6 19. Bd3 Bb7 20. Bb1 Qe7 21. Rfe1 Ng5 22. Nf4 Ne6 23. Nd3 c4 24. Ne5 Nd7 25. Qc2 g6 26. f4 Nxe5 27. fxe5 b5 28. Bg3 a5 29. Qf2 b4 30. axb4 axb4 31. Bh4 Ng5 32.
Rf1 Rf8 33. Bg3 Rce8 34. h4 Ne4 35. Bxe4 dxe4 36. Qe2 Bd5 37. Rf6 Rc8 38. h5 Kg7 39. Qg4 g5 40. Bh4 Rg8 41. Rcf1 Be6 42. Qxe4 gxh4 43.
Qf4 Kf8 44. e4 Ke8 45. d5 Bg4 46. Rxf7 Qc5+ 47. Kh2 h3 48. Rh7 Rf8 49. Rf7 hxg2 50. Rxf8+ Qxf8 51. Qxf8+ Kd7 52. Qd6+ Ke8 53. Rf8# 1-0

[Event "*** Titled Tuesday Blitz"]
[Site "Chess.com"]
[Date "2018.05.01"]
[Round "1"]
[White "rasmussvane"]
[Black "tomsishere"]
[Result "0-1"]
[WhiteElo "2623"]
[BlackElo "2358"]
[TimeControl "180+2"]
[EndTime "13:09:12 PDT"]
[Termination "tomsishere won by checkmate"]

1. Nf3 c5 2. c4 Nc6 3. Nc3 g6 4. e3 Nf6 5. d4 cxd4 6. exd4 d5 7.
cxd5 Nxd5 8. Qb3 e6 9. Bb5 Bg7 10. O-O O-O 11. Bxc6 bxc6 12. Re1 Ba6 13. Na4 Nb6 14. Nc5 Bc4 15. Qc3 Bd5 16. Ne5 Qh4 17. Be3 Rfd8 18. Ncd3 Rac8 19. Nf4 Qe7 20. a4 c5 21. dxc5 Nd7 22. Bd4 Nxe5 23. Bxe5 Rxc5 24. Qe3 Bxe5 25. Qxe5 Bxg2 26. Qe3 Bb7 27. Ne2 h5 28. f4 Qc7 29. Ng3 Rc2 30. Rac1 h4 31. Rxc2 Qxc2 32.
Ne4 h3 33. Re2 Qb1+ 34. Kf2 Qh1 35. Nf6+ Kg7 36. Qxh3 Rd1 37. Ne8+ Kf8 38. Qh8+ Ke7 39. Qh4+ Kxe8 40. Qh8+ Ke7 41. Qh4+ Ke8 42. Qh8+ Kd7 43. Kg3 Rg1+ 44. Kh4 Qd5 45. Qc3 g5+ 46. Kh5 gxf4+ 47. Kh6 Rg6+ 48. Kh7 Qh5# 0-1

[Event "*** Titled Tuesday Blitz"]
[Site "Chess.com"]
[Date "2018.05.01"]
[Round "1"]
[White "MikaelyanArman"]
[Black "PowerThinking2650"]
[Result "1-0"]
[WhiteElo "2625"]
[BlackElo "2298"]
[TimeControl "180+2"]
[EndTime "13:09:12 PDT"]
[Termination "MikaelyanArman won by resignation"]

1. Nf3 Nf6 2. c4 g6 3. g3 Bg7 4. Bg2 O-O 5. O-O d6 6. d4 Nbd7 7. Nc3 e5 8. b3 exd4 9. Nxd4 Re8 10.
h3 Nc5 11. Bb2 Bd7 12. Qc2 Qc8 13. Kh2 Re5 14. b4 Rh5 15. h4 Ng4+ 16. Kg1 Bxd4 17.
bxc5 dxc5 18. e3 Bg7 19. Nd5 Qd8 20. Bxg7 Kxg7 21. Qb2+ Kg8 22. Qxb7 c6 23. Ne7+ Qxe7 24. Qxa8+ Kg7 25. Qb8 Re5 26. Rad1 g5 27. Qxa7 Nf6 28. hxg5 Rxg5 29. Qc7 h5 30. Qd6 Qe8 31. Rb1 h4 32.
Rb8 Bc8 33. Qxc6 Qxc6 34. Bxc6 Be6 35. Bd5 Nxd5 36. cxd5 Bxd5 37. Rc1 hxg3 38. Rxc5 gxf2+ 39. Kxf2 Rg2+ 40. Kf1 Rd2 41. a4 Be6 42. a5 Ra2 43. Rb4 Kf6 44. Rf4+ Ke7 45. Rd4 f5 46. Ke1 Bd7 47. Re5+ Be6 48. Rd2 Kf6 49. Rxe6+ Kxe6 50. Rxa2 1-0

[Event "*** Titled Tuesday Blitz"]
[Site "Chess.com"]
[Date "2018.05.01"]
[Round "1"]
[White "chessking2151"]
[Black "sergiochess83"]
[Result "1-0"]
[WhiteElo "2419"]
[BlackElo "2794"]
[TimeControl "180+2"]
[EndTime "13:09:13 PDT"]
[Termination "chessking2151 won by resignation"]

1. d4 Nf6 2. Nf3 d5 3. Bf4 c5 4. e3 Nc6 5. Nbd2 Bg4 6. c3 e6 7. h3 Bh5 8. Qb3 Qc8 9. g4 Bg6 10. Nh4 Be7 11. Nxg6 hxg6 12. Bg2 O-O 13. O-O Rd8 14. Rfd1 a6 15. Rac1 b5 16. e4 cxd4 17. cxd4 Qd7 18. e5 Nh7 19. Nf3 g5 20. Be3 Na5 21. Qd3 Nc4 22. Qe2 Rac8 23. Rc2 Nxe3 24. fxe3 Rxc2 25. Qxc2 Rc8 26. Qd2 Qc7 27. Ne1 Nf8 28.
Nd3 Qc2 29. Kf2 Ng6 30. Ke2 Qa4 31. b3 Qa3 32. Qb2 Qxb2+ 33. Nxb2 Bb4 34. Nd3 Rc2+ 35. Kf1 Ba3 36. b4 Rxa2 37. Bh1 Ne7 38. Rb1 Rc2 39.
Ra1 Rc3 40. Ke2 Nc6 41. Kd2 Rxd3+ 42. Kxd3 Bb2 43. Rb1 Nxb4+ 44. Kd2 Ba3 45. Rb3 a5 46.
Rxa3 a4 47. Bf3 Kf8 48. Be2 Nc6 49. Bxb5 Na5 1-0

[Event "*** Titled Tuesday Blitz"]
[Site "Chess.com"]
[Date "2018.05.01"]
[Round "1"]
[White "AnkitGajwa"]
[Black "Abund"]
[Result "0-1"]
[WhiteElo "2136"]
[BlackElo "2490"]
[TimeControl "180+2"]
[EndTime "13:09:16 PDT"]
[Termination "Abund won on time"]

1. e4 c6 2. d4 d5 3. Nd2 dxe4 4.
Nxe4 Bf5 5. Ng3 Bg6 6. h4 h6 7.
Nf3 e6 8. Ne5 Bh7 9. Bd3 Bxd3 10.
Qxd3 Nd7 11. f4 Be7 12. Bd2 Nxe5 13. fxe5 Bxh4 14. O-O-O Bxg3 15. Qxg3 Ne7 16. Qxg7 Rg8 17. Qf6 Nf5 18. Bxh6 Qxf6 19. exf6 O-O-O 20. c3 Rxg2 21. Bf4 Rf2 22. Be5 Ne3 23. Rd2 Rf5 24. b3 Ng4 25.
Re2 Nxf6 26. Reh2 Ng4 27. Rh8 Nxe5 28. Rxd8+ Kxd8 29. Rh8+ Kc7 30. dxe5 Rxe5 31. Rf8 Rf5 32. Kc2 Rf2+ 33. Kd3 a6 34. a4 a5 35. Re8 Rf3+ 36. Kc4 Kb6 37. Re7 Rf5 38. b4 e5 39. bxa5+ Ka6 40.
Kb4 f6 41. Re8 Ka7 0-1

[Event "*** Titled Tuesday Blitz"]
[Site "Chess.com"]
[Date "2018.05.01"]
[Round "1"]
[White "arna"]
[Black "MartinZumsande"]
[Result "1/2-1/2"]
[WhiteElo "2114"]
[BlackElo "2462"]
[TimeControl "180+2"]
[EndTime "13:09:16 PDT"]
[Termination "Game drawn by agreement"]

1. e4 e6 2. d4 d5 3. exd5 exd5 4.
Bd3 c5 5. Qf3 cxd4 6. Ne2 Nc6 7.
Qg3 g6 8. O-O Bg7 9. Bg5 Nge7 10. Qh4 h6 11. Bf6 O-O 12. Bxg7 Kxg7 13. Nd2 Nf5 14.
Qxd8 Rxd8 15. Nb3 Kf6 16. Bxf5 Bxf5 17. Nexd4 Nxd4 18. Nxd4 Bd7 19. Rad1 Rac8 20. c3 h5 21. h4 a5 22. Rd2 Be6 23. f3 Re8 24.
Kf2 Rb8 25. Nb5 Red8 26. Rfd1 Ke7 27. Nc7 a4 28. Nxd5+ Bxd5 29. Rxd5 Rxd5 30. Rxd5 a3 31. b3 Rc8 32. c4 Ke6 33. Ra5 Rd8 34. Ke2 f6 35.
Rxa3 Kf5 36. g3 Re8+ 37. Kf2 Rd8 38. Ra5+ Ke6 39. Ke2 Rd7 40. Rb5 Kd6 41. g4 hxg4 42. fxg4 Kc6 43. h5 gxh5 44. gxh5 Rg7 45. Kf2 Rd7 46. Rd5 Rh7 47. b4 b6 48. a4 Ra7 49. a5 bxa5 50. Rxa5 Rh7 51. Rf5 Kb7 52. Kf3 Rd7 53. Rxf6 Rd1 54. h6 Rf1+ 55. Kg4 Rxf6 56. Kg5 Rf1 57. h7 Rg1+ 58. Kf6 Rh1 59. Kg7 Rg1+ 60.
Kf7 Rh1 61. Kg7 Rg1+ 62. Kf7 Rh1 1/2-1/2

[Event "*** Titled Tuesday Blitz"]
[Site "Chess.com"]
[Date "2018.05.01"]
[Round "1"]
[White "Cryptochess"]
[Black "OparinGrigoriy"]
[Result "0-1"]
[WhiteElo "2406"]
[BlackElo "2870"]
[TimeControl "180+2"]
[EndTime "13:09:19 PDT"]
[Termination "OparinGrigoriy won by resignation"]

1. e4 c5 2. Nc3 Nc6 3. g3 g6 4. Bg2 Bg7 5. d3 e6 6. Be3 d6 7.
Qd2 Rb8 8. Nge2 b5 9. O-O b4 10.
Nd1 Nge7 11. Bh6 O-O 12. Bxg7 Kxg7 13. f4 f6 14. Ne3 e5 15. c3 bxc3 16. bxc3 Be6 17. d4 cxd4 18. cxd4 exd4 19. Nxd4 Nxd4 20. Qxd4 Qb6 21. Rfd1 Rfc8 22. a4 a5 23. f5 Bb3 24.
Rab1 Qxd4 25. Rxd4 Rd8 26. Bf1 Nc6 27. Rd3 Bxa4 28.
Rxb8 Rxb8 29. Rxd6 Ne5 30. Ra6 Rb2 31. Ra7+ Kh6 32. Bg2 Rb1+ 33. Nf1 Nc4 34. Kf2 Rb2+ 35. Kg1 Bb5 36. h4 a4 37. g4 a3 38. Nh2 a2 39. Nf3 Rb1+ 40. Kh2 a1=Q 41. g5+ Kh5 42. Kg3 Qxa7 43. Nd4 Qc7+ 44. Kh3 Nd2 0-1

[Event "*** Titled Tuesday Blitz"]
[Site "Chess.com"]
[Date "2018.05.01"]
[Round "1"]
[White "dukicz123"]
[Black "Sven_Tica"]
[Result "1/2-1/2"]
[WhiteElo "2315"]
[BlackElo "2628"]
[TimeControl "180+2"]
[EndTime "13:09:19 PDT"]
[Termination "Game drawn by agreement"]

1. e4 c6 2. d3 d5 3. Nd2 e5 4. Ngf3 Bd6 5. g3 Nf6 6. Bg2 O-O 7.
O-O Bg4 8. h3 Bh5 9. Qe1 Bxf3 10. Nxf3 d4 11. Nh4 Re8 12. f4 Nbd7 13. f5 h6 14. g4 Nh7 15. Nf3 c5 16. Qg3 Be7 17. h4 f6 18. Kh2 Nb6 19. Bh3 Nc8 20. Rg1 Nd6 21. g5 fxg5 22. hxg5 Nxg5 23. Nxg5 Bxg5 24. Bxg5 hxg5 25. Qxg5 Qe7 26. f6 Qf7 27. Raf1 g6 28. Qh6 Qh7 29. f7+ Nxf7 30. Qxh7+ Kxh7 31. Rxf7+ Kh6 32. Rf6 Rg8 33. Bf5 Raf8 34. Rfxg6+ Rxg6 35. Rxg6+ Kh5 36. Kg3 b6 37. Rg7 a6 38. Rg6 Rb8 39. Rg7 b5 40.
Kf3 c4 41. Rc7 Kg5 42. Rc6 a5 43. Rg6+ Kh5 44. dxc4 bxc4 45. Rc6 Rxb2 46. Rxc4 Rxa2 47. Bd7 Kg5 48. Ba4 Ra3+ 49. Bb3 Ra1 50. Ra4 Re1 51. Bd5 Re3+ 52. Kf2 Rc3 53. Bb3 Kf4 54. Rxa5 Kxe4 55. Bd5+ Kf4 56. Ra2 e4 57. Ke2 Rh3 58. Ra8 Rh2+ 59.
Kd1 Ke3 60. Bxe4 Kxe4 61. Re8+ Kd5 62. Rd8+ Ke5 63. Re8+ Kd6 64. Rd8+ Kc5 65. Rc8+ Kd5 66. Rd8+ Kc4 67. Rc8+ 1/2-1/2

[Event "*** Titled Tuesday Blitz"]
[Site "Chess.com"]
[Date "2018.05.01"]
[Round "1"]
[White "Anar_Aliakbarov"]
[Black "Hrant_ChessMood"]
[Result "0-1"]
[WhiteElo "2404"]
[BlackElo "2834"]
[TimeControl "180+2"]
[EndTime "13:09:24 PDT"]
[Termination "Hrant_ChessMood won on time"]

1. d4 Nf6 2. c4 g6 3. Nc3 Bg7 4.
e4 d6 5. Nf3 O-O 6. Be2 c5 7. d5 e6 8. Nd2 Re8 9. O-O Na6 10. f3 Nc7 11. a4 Na6 12. Re1 Nb4 13. Bf1 Nh5 14. g3 Bd4+ 15. Kg2 exd5 16. Nxd5 Qd7 17.
Kh1 Nd3 18. Re2 Bg7 19. Qc2 Nxc1 20. Rxc1 Nf6 21. b3 Qd8 22. Bg2 Bd7 23. Nxf6+ Qxf6 24.
Nf1 Bc6 25. Ne3 h5 26. Rd1 h4 27. f4 Rad8 28. Kg1 Qc3 29. Qxc3 Bxc3 30. Kf1 Bd4 31. Nd5 Kg7 32. Bf3 hxg3 33. hxg3 Rh8 34. Kg2 Bd7 35.
Rh1 a6 36. Rxh8 Rxh8 37. g4 g5 38. e5 gxf4 39. exd6 Rh6 40. Nxf4 Rxd6 41. Bxb7 Bxg4 42. Re7 Bf6 43. Rc7 Rd2+ 44. Kg3 Bd1 0-1